 Dungeon Crawl Stone Soup version 0.28.0 (webtiles) character file.

Game seed: 3589995510188456971

7908 HallandMoats the Demolition Demonspawn (level 11, -1/86 HPs)
             Began as a Demonspawn Monk on Feb 7, 2022.
             Was an Elder of Makhleb.
             Slain by a vampire (4 damage)
             ... in a bailey.
             The game lasted 00:20:24 (13494 turns).

HallandMoats the Demolition Demonspawn (DsMo)      Turns: 13494, Time: 00:20:25

Health: -1/86      AC: 17    Str: 16    XL:     11   Next: 2%
Magic:  18/18      EV: 12    Int: 11    God:    Makhleb [****..]
Gold:   428        SH:  0    Dex: 16    Spells: 10/10 levels left

rFire   + + .      SeeInvis .     - Unarmed
rCold   . . .      Faith    .   (no shield)
rNeg    + . .      Spirit   .   e - +3 chain mail of Yesterday {rF+ rN+}
rPois   .          Reflect  .   u - +0 helmet
rElec   .          Harm     .   (no cloak)
rCorr   .          Rampage  .   (no gloves)
Will    .....                   d - +1 pair of boots
Stlth   ..........              (no amulet)
HPRegen 0.24/turn               g - ring of protection from fire
MPRegen 0.32/turn               (no ring)

@: no status effects
A: claws 1, repulsion field 1, powered by death 2, magic regeneration
a: Renounce Religion, Minor Destruction, Lesser Servant of Makhleb, Major
Destruction


You were in a bailey.
You worshipped Makhleb.
Makhleb was greatly pleased with you.
You visited 2 branches of the dungeon, and saw 11 of its levels.
You also visited: Bailey.

You collected 428 gold pieces.

Inventory:

Hand Weapons
 b - the +8 trident of Karma {pain, rElec Int-3 Dex+4}
   (You found it on level 7 of the Dungeon)

   In the hands of one skilled in necromantic magic, it inflicts extra damage on
   living creatures.
   Int:       It affects your intelligence (-3).
   Dex:       It affects your dexterity (+4).
   rElec:     It insulates you from electricity.
 A - the +4 trident of Punishment {venom, rPois}
   (You found it on level 7 of the Dungeon)

   It poisons the flesh of those it strikes.
   rPois:     It protects you from poison.
Missiles
 l - a throwing net (quivered)
Armour
 c - +0 acid dragon scales
 d - a +1 pair of boots (worn)
 e - the +3 chain mail of Yesterday (worn) {rF+ rN+}
   (You found it in a bailey)

   rF:        It protects you from fire.
   rN:        It protects you from negative energy.
 p - a +0 leather armour of fire resistance
 u - a +0 helmet (worn)
 w - a +0 buckler
Jewellery
 g - a ring of protection from fire (left claw)
 j - a ring of magical power
 y - a ring of see invisible
Wands
 f - a wand of flame (25)
 n - a wand of paralysis (7)
 q - a wand of polymorph (11)
 x - a wand of charming (4)
Scrolls
 h - 2 scrolls of silence
 v - 2 scrolls of fog
Potions
 a - 2 potions of haste {unknown}
 o - 2 potions of resistance
 r - a potion of mutation {unknown}
 s - a potion of flight {unknown}
 z - a potion of cancellation {unknown}
 B - 2 potions of magic {unknown}


   Skills:
 + Level 8.2 Fighting
 + Level 6.8 Armour
 + Level 7.5 Dodging
 - Level 1.7 Stealth
 * Level 7.8 Unarmed Combat
 + Level 9.8 Invocations


You had 10 spell levels left.
You didn't know any spells.
Your spell library contained the following spells:

 Spells                   Type           Power      Damage    Failure   Level
 Foxfire                  Conj/Fire      0%         2x1d4     99%         1
 Corpse Rot               Necr/Air       0%         N/A       100%        2
 Poisonous Vapours        Pois/Air       0%         N/A       100%        2
 Call Canine Familiar     Summ           0%         N/A       100%        3
 Conjure Flame            Conj/Fire      0%         6-21      100%        3
 Inner Flame              Hex/Fire       0%         N/A       100%        3
 Portal Projectile        Hex/Tloc       0%         N/A       100%        3
 Flame Wave               Conj/Fire      0%         2d4       100%        4
 Leda's Liquefaction      Hex/Erth       0%         N/A       100%        4


Dungeon Overview and Level Annotations

Branches:
Dungeon (10/15)            Temple (1/1) D:4            Lair (0/6) D:8
 Bailey (1/1)
    Orc: D:9-12

Altars:
Cheibriados
Dithmenos
Elyvilon
Fedhas
Gozag
Hepliaklqana
Kikubaaqudgha
Makhleb
Nemelex Xobeh
Qazlal
Ru
Trog
Uskayaw
Vehumet
Wu Jian
Xom
Yredelemnul
Zin
The Shining One

Annotations:
D:3 2 runed translucent doors, dornbeast's ghost, amateur GnMo


Innate Abilities, Weirdness & Mutations

You have sharp fingernails.
You are surrounded by a mild repulsion field. (EV +2)
You regenerate health from kills.
You regenerate magic rapidly.


Message History

You scratch the vampire but do no damage.
The vampire barely misses you. The vampire closely misses you.
You claw the vampire! x2
The vampire is severely damaged.
You barely miss the vampire.
The vampire is severely damaged.
The vampire gestures at you while chanting.
You resist with some effort.
You scratch the vampire but do no damage.
The vampire is severely damaged.
The vampire draws life force from you.
* * * LOW HITPOINT WARNING * * *
The vampire is healed by the life force!
You scratch the vampire.
The vampire is severely damaged.
The vampire hits you but does no damage.
The vampire bites you but does no damage.
You scratch the vampire but do no damage.
The vampire is severely damaged.
The vampire draws life force from you.
* * * LOW HITPOINT WARNING * * *
The vampire is healed by the life force!
You scratch the vampire but do no damage.
The vampire is heavily damaged.
The vampire hits you with a +2 vampiric halberd!
* * * LOW HITPOINT WARNING * * *
The vampire closely misses you.
You claw the vampire!
The vampire is severely damaged.
The vampire casts a spell.
The vampire flickers and vanishes!
You closely miss something. You claw something!
Something draws life force from you.
* * * LOW HITPOINT WARNING * * *
You barely miss something. Something hits you but does no damage.
Something bites you but does no damage.
You scratch something but do no damage. Something hits you.
* * * LOW HITPOINT WARNING * * *
Something bites you.
You die...

#...##)..##.♣..♣......
#..##....#............
#..#..))##........♣...
#..#..)##.............
#..#......######......
#..#......#..).#......
#88#8.....#.)).#......
########''###..#.....#
#...)@......'.V'..####
#....#{.....#######...
######......#.....8.8.
#......'.........
########.........
♣.......♣♣ ♣♣...♣♣♣♣
♣♣♣♣♣


There were no monsters in sight!

Vanquished Creatures
  A two-headed ogre (D:9)
  A cyclops (D:9)
  A gargoyle (Bailey)
  13 yaks
  A vampire (Bailey)
  A wyvern (D:6)
  2 steam dragons
  An acid dragon (D:8)
  3 water moccasins
  3 black bears
  2 orc warriors
  An ice beast (D:7)
  A sky beast (D:7)
  A hornet zombie (D:7)
  4 necrophages
  An ogre (D:5)
  2 centaurs
  3 kobold brigands
  A bullfrog (D:6)
  4 scorpions
  A wyvern skeleton (D:7)
  4 killer bees
  A howler monkey (D:7)
  3 wights (D:8)
  4 wolf zombies (Bailey)
  7 vampire bats (Bailey)
  A bullfrog zombie (D:7)
  A jelly (D:5)
  5 centaur zombies
  4 hounds
  6 orc priests
  2 bullfrog skeletons
  A centaur skeleton (D:6)
  4 iguanas
  7 orc wizards
  A killer bee zombie (D:8)
  A hound skeleton (D:4)
  A howler monkey zombie (D:5)
  7 gnolls
  A howler monkey skeleton (D:6)
  3 white imps
  2 adder skeletons (D:4)
  5 worms
  23 orcs
  2 bats (D:1)
  6 endoplasms
  3 giant cockroaches
  10 goblins
  10 hobgoblins
  16 kobolds
  A quokka (D:2)
  6 ball pythons
  A frilled lizard (D:1)
  18 orc zombies (Bailey)
  4 rats
219 creatures vanquished.

Vanquished Creatures (others)
  37 fungi (D:8)
  34 plants (D:8)
71 creatures vanquished.

Grand Total: 290 creatures vanquished

Notes
Turn   | Place    | Note
-------+----------+-------------------------------------------
     0 | D:1      | HallandMoats the Demonspawn Monk began the quest for the
                  | Orb.
     0 | D:1      | Reached XP level 1. HP: 18/18 MP: 1/1
   484 | D:1      | Gained mutation: You are surrounded by a mild repulsion
                  | field. (EV +2) [demonic ancestry]
   484 | D:1      | Reached XP level 2. HP: 18/24 MP: 2/2
   641 | D:1      | Reached skill level 1 in Invocations
  1127 | D:1      | Found a faded altar of an unknown god.
  1573 | D:2      | Gained mutation: You regenerate a little health from kills.
                  | [demonic ancestry]
  1573 | D:2      | Reached XP level 3. HP: 6/29 MP: 4/4
  2167 | D:2      | Reached skill level 1 in Armour
  2693 | D:3      | Found a runed translucent door.
  2721 | D:3      | Noticed dornbeast's ghost (amateur GnMo)
  2798 | D:3      | Found a sacrificial altar of Ru.
  3030 | D:3      | You fall into a shaft and drop 1 floor!
  3044 | D:4      | Reached skill level 2 in Invocations
  3044 | D:4      | Reached XP level 4. HP: 35/35 MP: 5/5
  3215 | D:3      | Found a runed translucent door.
  3300 | D:4      | Noticed a necrophage
  3321 | D:4      | Killed a necrophage
  3322 | D:4      | Reached XP level 5. HP: 41/42 MP: 5/7
  3376 | D:4      | Found a staircase to the Ecumenical Temple.
  3377 | D:4      | Noticed a steam dragon
  3428 | Temple   | Entered the Ecumenical Temple
  3492 | Temple   | Became a worshipper of Makhleb the Destroyer
  3492 | Temple   | Reached * piety under Makhleb
  3492 | Temple   | Reached ** piety under Makhleb
  3668 | D:4      | Noticed a necrophage
  3683 | D:4      | Killed a necrophage
  3684 | D:4      | Reached skill level 3 in Invocations
  4085 | D:4      | Found an opulent altar of Gozag.
  4137 | D:4      | Gained mutation: You regenerate health from kills. [demonic
                  | ancestry]
  4137 | D:4      | Reached XP level 6. HP: 48/48 MP: 8/8
  4727 | D:4      | Killed a steam dragon
  4728 | D:4      | Reached skill level 4 in Invocations
  4728 | D:4      | Gained mutation: You regenerate magic rapidly. [demonic
                  | ancestry]
  4728 | D:4      | Reached XP level 7. HP: 17/55 MP: 8/10
  5133 | D:5      | Entered Level 5 of the Dungeon
  5156 | D:5      | Found a stormy altar of Qazlal.
  5562 | D:5      | Reached skill level 5 in Invocations
  5618 | D:5      | HP: 2/55 [poisoned by a scorpion]
  6038 | D:4      | Reached skill level 5 in Fighting
  6123 | D:5      | Gained mutation: You have sharp fingernails. [demonic
                  | ancestry]
  6123 | D:5      | Reached XP level 8. HP: 62/62 MP: 11/11
  6795 | D:6      | Found a blossoming altar of Fedhas.
  6862 | D:6      | Reached skill level 5 in Dodging
  6862 | D:6      | Reached skill level 5 in Unarmed Combat
  6920 | D:6      | Reached skill level 6 in Invocations
  7658 | D:6      | Reached XP level 9. HP: 65/69 MP: 12/14
  7709 | D:5      | Reached skill level 7 in Invocations
  8125 | D:6      | Reached skill level 5 in Armour
  8176 | D:6      | Found a hide-covered altar of Uskayaw.
  8498 | D:7      | Identified the +8 trident of Karma {pain, rElec Int-3
                  | Dex+4}
  8581 | D:7      | Reached *** piety under Makhleb
  9687 | D:7      | Identified the +4 trident of Punishment {venom, rPois}
  9895 | D:8      | Reached skill level 8 in Invocations
 10090 | D:8      | Found a staircase to the Lair.
 10963 | D:8      | Reached XP level 10. HP: 46/79 MP: 16/16
 11505 | D:9      | Noticed a two-headed ogre
 11516 | D:9      | Killed a two-headed ogre
 11517 | D:9      | Reached skill level 9 in Invocations
 11634 | D:9      | Found a snail-covered altar of Cheibriados.
 12397 | D:9      | Noticed a cyclops
 12409 | D:9      | Killed a cyclops
 12741 | D:10     | Entered Level 10 of the Dungeon
 12760 | D:10     | Reached **** piety under Makhleb
 12825 | D:10     | Found a flagged portal.
 12851 | Bailey   | Entered a bailey
 12900 | Bailey   | Noticed a gargoyle
 12914 | Bailey   | Killed a gargoyle
 13272 | Bailey   | Reached XP level 11. HP: 86/86 MP: 18/18
 13388 | Bailey   | Identified the +3 chain mail of Yesterday {rF+ rN+}
 13494 | Bailey   | HP: 3/86 [something (6)]
 13494 | Bailey   | Slain by a vampire

Illustrated notes

Levels and vault maps discovered:
D:1:      dpeg_arrival_morbid_curiosity, layout_basic,
          ebering_ecumenical_altar_hall
D:2:      layout_loops_ring
D:3:      layout_rooms, mainiacjoe_overflow_surrounded_room,
          ebering_ghost_sewer_f, chequers_serial_rivers_room_b
D:4:      layout_gridville, grunt_gozag_breadcrumbs,
          minmay_temple_entry_statues, hangedman_abyss_or_decor_lesser_grid,
          minmay_crystal_water
D:5:      layout_gridville, mainiacjoe_overflow_chevrons, grunt_ministairs_13
D:6:      layout_cave_pools, kennysheep_mini_moat, lemuel_crystal_altar,
          enter_ossuary_2
D:7:      layout_cave_pools, st_stairs_7
D:8:      layout_loops_ring, due_lair_maze_entry_diamond
D:9:      layout_loops_cross, mainiacjoe_overflow_small_starburst
D:10:     layout_long_grid, minmay_overflow_temple_star_quad, enter_bailey_5,
          bh_circular_ruins
Temple:   cyrus_circular_temple
Bailey:   bailey_polearm_vampire_castle_hellmonk, bailey

Skill      XL: |  1  2  3  4  5  6  7  8  9 10 |
---------------+-------------------------------+-----
Invocations    | 1 2 3 4 5 6 8 9 |  9.8
Dodging        | 3 4 5 6 7 |  7.5
Unarmed Combat | 3 4 5 6 7 |  7.8
Armour         | 1 2 3 4 5 6 |  6.8
Fighting       | 4 5 6 7 8 |  8.2
Stealth        | |  1.7

Action                   |  1- 3 |  4- 6 |  7- 9 | 10-12 || total
-------------------------+-------+-------+-------+-------++-------
Melee: Unarmed           |   211 |   185 |   495 |   305 ||  1196
       Punch             |     5 |     7 |    27 |    25 ||    64
       Trident           |       |       |    63 |    81 ||   144
Invok: Minor Destruction |       |       |     1 |       ||     1
  Use: Scroll            |       |     5 |     8 |     5 ||    18
       Potion            |       |     4 |     4 |     5 ||    13
 Stab: Sleeping          |     2 |     2 |       |     1 ||     5
Armor: Robe              |    10 |       |       |       ||    10
       Ring mail         |    24 |    46 |   230 |     2 ||   302
       Acid dragon scale |       |       |       |   100 ||   100
       Chain mail        |       |       |       |     8 ||     8
Dodge: Dodged            |   126 |    98 |   487 |   397 ||  1108
